TOP OF THE 1ST |
Saskatoon Smokin' Guns batting - Pitching for Eau Claire Esquires : LHP Francisco Rodríguez
|
Pitching: LHP Francisco Rodríguez
|
|
Batting: LHB Andrew Veeck
|
0-0: Called Strike 0-1: Ball 1-1: Swinging Strike 1-2: Ground out 6-3 (Groundball, 6)
|
Batting: RHB Eric Neal
|
0-0: Ball 1-0: Ground out 5-3 (Groundball, 56)
|
Batting: RHB Jason O'Toole
|
0-0: Ball 1-0: Ball 2-0: DOUBLE (Line Drive, 7LS)
|
Batting: LHB Del Kennedy
|
0-0: Called Strike 0-1: Swinging Strike 0-2: Fly out, F8 (Flyball, 8LXD)
|
Top of the 1st over - 0 run(s), 1 hit(s), 0 error(s), 1 left on base; Saskatoon 0 - Eau Claire 0 |
BOTTOM OF THE 1ST |
Eau Claire Esquires batting - Pitching for Saskatoon Smokin' Guns : RHP Alonso Costello
|
Pitching: RHP Alonso Costello
|
|
Batting: RHB Tony Quinn
|
0-0: Ball 1-0: Foul Ball, location: 2F 1-1: SINGLE (Line Drive, 7S)
|
Batting: RHB Carlos Rea
|
0-0: Ball 1-0: SINGLE (Line Drive, 9S) Tony Quinn to second Runner from 2nd tries for 3rd, SAFE, no throw or cutoff
|
Batting: LHB Dave Gray
|
0-0: Called Strike 0-1: Swinging Strike 0-2: Strikes out swinging
|
Batting: LHB Eric Peterson
|
0-0: SINGLE (Groundball, 6MD) Tony Quinn scores Carlos Rea to second Runner from 2nd tries for 3rd, SAFE, throw made to third
|
Batting: RHB Miguel Hernández
|
0-0: Foul Ball, location: 2F 0-1: Foul Ball, location: 2F 0-2: SINGLE (Line Drive, 34) Carlos Rea scores Eric Peterson to second Runner from 2nd tries for 3rd, SAFE, throw made to third
|
Batting: LHB Edwin Ryan
|
0-0: Ball 1-0: Fielders Choice at 2nd, 3-6 (Groundball, 3) Eric Peterson scores
|
Batting: RHB Nobuharu Hoshino
|
0-0: Ball 1-0: Called Strike 1-1: Ball 2-1: Ball 3-1: Base on Balls Edwin Ryan to second
|
Batting: LHB Jorge Fernández
|
0-0: Ball 1-0: Ball 2-0: Ball 3-0: Base on Balls Edwin Ryan to third Nobuharu Hoshino to second
|
Batting: RHB Seiji Kouno
|
0-0: Called Strike 0-1: Ground out 5-3 (Groundball, 56)
|
Bottom of the 1st over - 3 run(s), 4 hit(s), 0 error(s), 3 left on base; Saskatoon 0 - Eau Claire 3 |
TOP OF THE 2ND |
Saskatoon Smokin' Guns batting - Pitching for Eau Claire Esquires : LHP Francisco Rodríguez
|
Batting: RHB António Yánez
|
0-0: Ball 1-0: Ground out 4-3 (Groundball, 4M)
|
Batting: RHB Pedro Núñez
|
0-0: Called Strike 0-1: Swinging Strike 0-2: Strikes out looking
|
Batting: RHB Oliver Harris
|
0-0: Ball 1-0: Swinging Strike 1-1: SINGLE (Groundball, 34D)
|
Batting: RHB Alvin Hampton
|
0-0: Ball 1-0: Ball 2-0: Called Strike 2-1: Called Strike 2-2: Strikes out swinging
|
Top of the 2nd over - 0 run(s), 1 hit(s), 0 error(s), 1 left on base; Saskatoon 0 - Eau Claire 3 |
BOTTOM OF THE 2ND |
Eau Claire Esquires batting - Pitching for Saskatoon Smokin' Guns : RHP Alonso Costello
|
Batting: RHB Tony Quinn
|
0-0: SINGLE (Flyball, 7S)
|
Batting: RHB Carlos Rea
|
0-0: Called Strike Tony Quinn is caught stealing 2nd base 0-1: Ball 1-1: Ball 2-1: Fly out, F6 (Popup, 4M)
|
Batting: LHB Dave Gray
|
0-0: Fly out, F9 (Flyball, 9LM)
|
Bottom of the 2nd over - 0 run(s), 1 hit(s), 0 error(s), 0 left on base; Saskatoon 0 - Eau Claire 3 |
TOP OF THE 3RD |
Saskatoon Smokin' Guns batting - Pitching for Eau Claire Esquires : LHP Francisco Rodríguez
|
Batting: RHB Gary Spencer
|
0-0: Fly out, F6 (Popup, 6M)
|
Batting: LHB Andrew Veeck
|
0-0: SINGLE (Groundball, 56)
|
Batting: RHB Eric Neal
|
0-0: Called Strike 0-1: Ball 1-1: Fielders Choice at 2nd, 1-6 (Groundball, 13S)
|
Batting: RHB Jason O'Toole
|
0-0: Ball 1-0: Ball 2-0: Called Strike 2-1: Fly out, F9 (Flyball, 9S)
|
Top of the 3rd over - 0 run(s), 1 hit(s), 0 error(s), 1 left on base; Saskatoon 0 - Eau Claire 3 |
BOTTOM OF THE 3RD |
Eau Claire Esquires batting - Pitching for Saskatoon Smokin' Guns : RHP Alonso Costello
|
Batting: LHB Eric Peterson
|
0-0: Called Strike 0-1: Ball 1-1: Foul Ball, location: 2F 1-2: Ground out 4-3 (Groundball, 34)
|
Batting: RHB Miguel Hernández
|
0-0: Called Strike 0-1: Foul Ball, location: 2F 0-2: Ball 1-2: Ball 2-2: Ball 3-2: Foul Ball, location: 2F 3-2: Base on Balls
|
Batting: LHB Edwin Ryan
|
0-0: 2-RUN HOME RUN (Flyball, 89XD), Distance : 385 ft
|
Batting: RHB Nobuharu Hoshino
|
0-0: Called Strike 0-1: Ball 1-1: SINGLE (Flyball, 89S)
|
Batting: LHB Jorge Fernández
|
0-0: Ball 1-0: Ball 2-0: Called Strike 2-1: Ball 3-1: Base on Balls Nobuharu Hoshino to second
|
Batting: RHB Seiji Kouno
|
0-0: Ball 1-0: Fly out, F3 (Popup, 3F)
|
Batting: RHB Tony Quinn
|
0-0: Ball 1-0: Called Strike 1-1: Fly out, F7 (Flyball, 78M)
|
Bottom of the 3rd over - 2 run(s), 2 hit(s), 0 error(s), 2 left on base; Saskatoon 0 - Eau Claire 5 |
TOP OF THE 4TH |
Saskatoon Smokin' Guns batting - Pitching for Eau Claire Esquires : LHP Francisco Rodríguez
|
Batting: LHB Del Kennedy
|
0-0: Called Strike 0-1: Ball 1-1: SINGLE (Line Drive, 9LS)
|
Batting: RHB António Yánez
|
0-0: Ball 1-0: Ball 2-0: Ball 3-0: Base on Balls Del Kennedy to second
|
Batting: RHB Pedro Núñez
|
0-0: Ball 1-0: Ball 2-0: Hit by Pitch Del Kennedy to third António Yánez to second
|
Batting: RHB Oliver Harris
|
0-0: SINGLE (Line Drive, 89S) Del Kennedy scores António Yánez to third Pedro Núñez to second Runner from 3rd tries for Home, throw and OUT!
|
Batting: RHB Alvin Hampton
|
0-0: Called Strike 0-1: Ball 1-1: Foul Ball, location: 2F 1-2: Foul Ball, location: 2F 1-2: Foul Ball, location: 2F 1-2: Ball 2-2: Foul Ball, location: 2F 2-2: Foul Ball, location: 2F 2-2: Ball 3-2: Strikes out swinging
|
Batting: RHB Gary Spencer
|
0-0: Swinging Strike 0-1: Ball 1-1: SINGLE (Groundball, 56D) Pedro Núñez to third Oliver Harris to second Runner from 3rd tries for Home, SAFE, no throw or cutoff
|
Batting: LHB Andrew Veeck
|
0-0: Ball 1-0: Foul Ball, location: 2F 1-1: Ball 2-1: Ball 3-1: Fly out, F7 (Flyball, 7LMF)
|
Top of the 4th over - 2 run(s), 3 hit(s), 0 error(s), 2 left on base; Saskatoon 2 - Eau Claire 5 |
BOTTOM OF THE 4TH |
Eau Claire Esquires batting - Pitching for Saskatoon Smokin' Guns : RHP Alonso Costello
|
Batting: RHB Carlos Rea
|
0-0: Called Strike 0-1: Foul Ball, location: 2F 0-2: Ball 1-2: Fly out, F9 (Flyball, 9M)
|
Batting: LHB Dave Gray
|
0-0: Fly out, F8 (Line Drive, 8LS)
|
Batting: LHB Eric Peterson
|
0-0: Called Strike 0-1: Ball 1-1: Ball 2-1: Foul Ball, location: 2F 2-2: Ground out 4-3 (Groundball, 4M)
|
Bottom of the 4th over - 0 run(s), 0 hit(s), 0 error(s), 0 left on base; Saskatoon 2 - Eau Claire 5 |
TOP OF THE 5TH |
Saskatoon Smokin' Guns batting - Pitching for Eau Claire Esquires : LHP Francisco Rodríguez
|
Batting: RHB Eric Neal
|
0-0: Ball 1-0: Called Strike 1-1: Foul Ball, location: 2F 1-2: Ball 2-2: Ball 3-2: Foul Ball, location: 2F 3-2: Strikes out swinging
|
Batting: RHB Jason O'Toole
|
0-0: Fly out, F7 (Flyball, 78M)
|
Batting: LHB Del Kennedy
|
0-0: Ball 1-0: Ball 2-0: Ball 3-0: Called Strike 3-1: Foul Ball, location: 2F 3-2: Base on Balls
|
Batting: RHB António Yánez
|
0-0: Swinging Strike 0-1: Ball 1-1: Foul Ball, location: 2F 1-2: Foul Ball, location: 2F 1-2: Foul Ball, location: 2F 1-2: Strikes out swinging
|
Top of the 5th over - 0 run(s), 0 hit(s), 0 error(s), 1 left on base; Saskatoon 2 - Eau Claire 5 |
BOTTOM OF THE 5TH |
Eau Claire Esquires batting - Pitching for Saskatoon Smokin' Guns : RHP Alonso Costello
|
Batting: RHB Miguel Hernández
|
0-0: Called Strike 0-1: Swinging Strike 0-2: Ball 1-2: Strikes out swinging
|
Batting: LHB Edwin Ryan
|
0-0: Called Strike 0-1: Fly out, F7 (Flyball, 78S)
|
Batting: RHB Nobuharu Hoshino
|
0-0: Foul Ball, location: 2F 0-1: Ball 1-1: Fly out, F8 (Flyball, 8RXD)
|
Bottom of the 5th over - 0 run(s), 0 hit(s), 0 error(s), 0 left on base; Saskatoon 2 - Eau Claire 5 |
TOP OF THE 6TH |
Saskatoon Smokin' Guns batting - Pitching for Eau Claire Esquires : LHP Francisco Rodríguez
|
Batting: RHB Pedro Núñez
|
0-0: SINGLE (Flyball, 89S)
|
Batting: RHB Oliver Harris
|
0-0: Foul Ball, location: 2F 0-1: Ball 1-1: SINGLE (Line Drive, 7S) Pedro Núñez to second
|
Pitching: RHP Jeff Lawson
|
|
Batting: RHB Alvin Hampton
|
0-0: Ball 1-0: Ball 2-0: Swinging Strike 2-1: Foul Ball, location: 2F 2-2: Strikes out swinging
|
Batting: RHB Gary Spencer
|
0-0: Called Strike 0-1: Called Strike 0-2: Strikes out looking
|
Batting: LHB Andrew Veeck
|
0-0: Called Strike 0-1: Swinging Strike 0-2: Ball 1-2: Ball 2-2: Ball 3-2: Strikes out swinging
|
Top of the 6th over - 0 run(s), 2 hit(s), 0 error(s), 2 left on base; Saskatoon 2 - Eau Claire 5 |
BOTTOM OF THE 6TH |
Eau Claire Esquires batting - Pitching for Saskatoon Smokin' Guns : RHP Alonso Costello
|
Batting: LHB Jorge Fernández
|
0-0: Ball 1-0: Swinging Strike 1-1: Foul Ball, location: 2F 1-2: Strikes out swinging
|
Batting: RHB Seiji Kouno
|
0-0: Foul Ball, location: 2F 0-1: SINGLE (Line Drive, 7LS)
|
Batting: RHB Tony Quinn
|
0-0: Ball 1-0: Ball 2-0: Fly out, F8 (Flyball, 8LM)
|
Batting: RHB Carlos Rea
|
0-0: Ball 1-0: Foul Ball, location: 2F 1-1: Ball 2-1: Fly out, F7 (Line Drive, 7D)
|
Bottom of the 6th over - 0 run(s), 1 hit(s), 0 error(s), 1 left on base; Saskatoon 2 - Eau Claire 5 |
TOP OF THE 7TH |
Saskatoon Smokin' Guns batting - Pitching for Eau Claire Esquires : RHP Jeff Lawson
|
Batting: RHB Eric Neal
|
0-0: Ball 1-0: Ball 2-0: Foul Ball, location: 2F 2-1: SINGLE (Line Drive, 6MD)
|
Batting: RHB Jason O'Toole
|
0-0: Ball 1-0: Called Strike 1-1: Fly out, F7 (Line Drive, 78M)
|
Batting: LHB Del Kennedy
|
0-0: Swinging Strike 0-1: Foul Ball, location: 2F 0-2: Strikes out looking
|
Batting: RHB António Yánez
|
0-0: Called Strike 0-1: Ball 1-1: Ball 2-1: Called Strike 2-2: SINGLE (Groundball, 56D) Eric Neal to second
|
Batting: RHB Pedro Núñez
|
0-0: Called Strike 0-1: Called Strike 0-2: Strikes out swinging
|
Top of the 7th over - 0 run(s), 2 hit(s), 0 error(s), 2 left on base; Saskatoon 2 - Eau Claire 5 |
BOTTOM OF THE 7TH |
Eau Claire Esquires batting - Pitching for Saskatoon Smokin' Guns : RHP Alonso Costello
|
Pitching: RHP Allen Collins
|
|
Batting: LHB Dave Gray
|
0-0: SINGLE (Line Drive, 4MD)
|
Batting: LHB Eric Peterson
|
0-0: Ball 1-0: Called Strike 1-1: Ball 2-1: Swinging Strike 2-2: Foul Ball, location: 2F 2-2: Ball 3-2: Strikes out swinging
|
Batting: RHB Miguel Hernández
|
0-0: Ground out 5-3 (Groundball, 5S) Dave Gray to second
|
Batting: LHB Edwin Ryan
|
0-0: Ball 1-0: Called Strike 1-1: Swinging Strike 1-2: Foul Ball, location: 2F 1-2: Ball 2-2: Ball 3-2: Strikes out looking
|
Bottom of the 7th over - 0 run(s), 1 hit(s), 0 error(s), 1 left on base; Saskatoon 2 - Eau Claire 5 |
TOP OF THE 8TH |
Saskatoon Smokin' Guns batting - Pitching for Eau Claire Esquires : RHP Jeff Lawson
|
Pitching: RHP Jason Elliott
|
|
Batting: RHB Oliver Harris
|
0-0: Ball 1-0: Ground out 6-3 (Groundball, 6M)
|
Batting: RHB Alvin Hampton
|
0-0: Called Strike 0-1: Ground out 6-3 (Groundball, 6)
|
Batting: RHB Gary Spencer
|
0-0: Ground out 5-3 (Groundball, 6)
|
Top of the 8th over - 0 run(s), 0 hit(s), 0 error(s), 0 left on base; Saskatoon 2 - Eau Claire 5 |
BOTTOM OF THE 8TH |
Eau Claire Esquires batting - Pitching for Saskatoon Smokin' Guns : RHP Allen Collins
|
Batting: RHB Nobuharu Hoshino
|
0-0: Ball 1-0: Called Strike 1-1: SINGLE (Line Drive, 6MD)
|
Batting: LHB Jorge Fernández
|
0-0: Called Strike 0-1: Fly out, F7 (Flyball, 7LMF)
|
Batting: RHB Seiji Kouno
|
0-0: Ball 1-0: Ball Balk! Nobuharu Hoshino to second 2-0: Ball 3-0: Base on Balls
|
Batting: RHB Tony Quinn
|
0-0: Swinging Strike 0-1: Ball 1-1: Swinging Strike 1-2: Ball 2-2: Ball 3-2: Base on Balls Nobuharu Hoshino to third Seiji Kouno to second
|
Pinch Hitting: LHB Michael Cook
|
0-0: Called Strike 0-1: Ball 1-1: Called Strike 1-2: Fly out, F9 (Flyball, 89M) Runner from 3rd tags up, SCORES, throw made
|
Batting: LHB Dave Gray
|
0-0: Foul Ball, location: 2F 0-1: Ball 1-1: Hit by Pitch Seiji Kouno to third Tony Quinn to second
|
Batting: LHB Eric Peterson
|
0-0: Called Strike 0-1: DOUBLE (Line Drive, 8LM) Seiji Kouno scores Tony Quinn scores Dave Gray to third Runner from 3rd tries for Home, SAFE, no throw or cutoff
|
Pitching: LHP Macy Catron
|
|
Batting: RHB Miguel Hernández
|
0-0: SINGLE (Line Drive, 34D) Eric Peterson to third Runner from 3rd tries for Home, SAFE, no throw or cutoff
|
Batting: LHB Edwin Ryan
|
0-0: Ball 1-0: Ball 2-0: SINGLE (Groundball, 34D) Miguel Hernández to second Runner from 2nd tries for 3rd, OUT!
|
Bottom of the 8th over - 5 run(s), 4 hit(s), 0 error(s), 1 left on base; Saskatoon 2 - Eau Claire 10 |
TOP OF THE 9TH |
Saskatoon Smokin' Guns batting - Pitching for Eau Claire Esquires : RHP Jason Elliott
|
Now at 2B: John Thomas
|
|
Batting: LHB Andrew Veeck
|
0-0: Ball 1-0: Foul Ball, location: 2F 1-1: SINGLE (Line Drive, 7S)
|
Batting: RHB Eric Neal
|
0-0: Called Strike 0-1: Swinging Strike 0-2: Ball 1-2: Ball 2-2: Strikes out looking
|
Batting: RHB Jason O'Toole
|
0-0: Called Strike 0-1: Foul Ball, location: 2F 0-2: Ball 1-2: Strikes out swinging
|
Batting: LHB Del Kennedy
|
0-0: Ball 1-0: Foul Ball, location: 2F 1-1: DOUBLE (Flyball, 8RXD) Andrew Veeck to third Runner from 3rd tries for Home, SAFE, no throw or cutoff
|
Batting: RHB António Yánez
|
0-0: Called Strike 0-1: Ball 1-1: Foul Ball, location: 2F 1-2: Foul Ball, location: 2F 1-2: Ball 2-2: Ball 3-2: Strikes out looking
|
Top of the 9th over - 1 run(s), 2 hit(s), 0 error(s), 1 left on base; Saskatoon 3 - Eau Claire 10 |
|